 Dungeon Crawl Stone Soup version 0.25-a0-36-g303dd5b1f4 (webtiles) character file.

Game seed: 1884440700920562089, levelgen mode: deterministic

16006 Flugkiller the Covert (level 12, -7/79 HPs)
             Began as an Octopode Enchanter on Oct 20, 2019.
             Was an Initiate of Gozag.
             Hit by a silver javelin thrown by Urug (12 damage)
             ... on level 3 of the Lair of Beasts.
             The game lasted 00:47:01 (19538 turns).

Flugkiller the Covert (Octopode Enchanter)         Turns: 19538, Time: 00:47:01

Health: -7/79      AC:  1    Str:  7    XL:     12   Next: 33%
Magic:  23/24      EV: 20    Int: 22    God:    Gozag
Gold:   1481       SH:  0    Dex: 13    Spells: 18/27 levels left

rFire    x . .     SeeInvis .   a - +3 dagger (vamp)
rCold    + . .     Gourm    .   (no shield)
rNeg     + . .     Faith    .   (helmet restricted)
rPois    +         Spirit   .   B - amulet of rage
rElec    .         Reflect  .   n - ring of poison resistance
rCorr    .         Harm     .   L - ring of ice
MR       .....                  c - ring of wizardry
Stlth    ++++++....             f - +1 ring of evasion
HPRegen  0.23/turn              (no ring)
MPRegen  0.19/turn              h - ring of positive energy
                                (no ring)
                                (no ring)

@: no status effects
A: almost no armour, stealthy swim, amphibious, 8 rings, constrict 8, camouflage
1, gelatinous body 1
a: Potion Petition, Call Merchant, Bribe Branch, Renounce Religion, Evoke
Berserk Rage


You were on level 3 of the Lair of Beasts.
You worshipped Gozag.
Gozag was most pleased with you.
You were not hungry.

You visited 2 branches of the dungeon, and saw 13 of its levels.
You also visited: Sewer.

You collected 1933 gold pieces.
You spent 301 gold pieces at shops.
You paid 151 gold pieces to Gozag.

Inventory:

Hand Weapons
 a - a +3 vampiric dagger (weapon)
   (You took it off an orc wizard on level 10 of the Dungeon)
 b - a +1 dagger of venom
   (You took it off Robin on level 4 of the Dungeon)
 A - the +6 shillelagh "Devastator" {shatter}
   (You found it on level 7 of the Dungeon)
Missiles
 q - 5 javelins
 s - 2 throwing nets
 t - 465 stones (quivered)
 E - 4 curare-tipped darts
Jewellery
 c - a ring of wizardry (on tentacle)
   (You found it on level 3 of the Dungeon)
 f - a +1 ring of evasion (on tentacle)
   (You found it on level 1 of the Dungeon)
 h - a ring of positive energy (on tentacle)
   (You found it on level 2 of the Dungeon)
 n - a ring of poison resistance (left tentacle)
   (You found it on level 3 of the Dungeon)
 B - an amulet of rage (around mantle)
   (You found it on level 8 of the Dungeon)
 L - a ring of ice (right tentacle)
   (You took it off Fannar on level 3 of the Lair of Beasts)
Wands
 i - a wand of iceblast (15)
   (You found it on level 5 of the Dungeon)
 u - a wand of enslavement (27)
   (You found it on level 5 of the Dungeon)
 x - a wand of acid (2)
   (You found it in a sewer)
 y - a wand of paralysis (7)
   (You found it on level 8 of the Dungeon)
 D - a wand of flame (11)
   (You took it off Pikel on level 8 of the Dungeon)
 H - a wand of clouds (3)
   (You found it on level 10 of the Dungeon)
Scrolls
 e - a scroll of holy word {unknown}
 g - 4 scrolls of magic mapping
 m - a scroll of enchant weapon
 o - 4 scrolls of amnesia
 r - 4 scrolls of enchant armour
 w - 7 scrolls of remove curse
 z - a scroll of immolation
 J - a scroll of vulnerability
 K - a scroll of teleportation
Potions
 j - 3 potions of curing
 k - a potion of agility
 l - 3 potions of mutation
 p - 2 potions of brilliance
 v - a potion of resistance
 C - 2 potions of might
 F - 2 potions of lignification
 I - a potion of haste {unknown}
Miscellaneous
 G - a lightning rod (4/4)
   (You found it on level 10 of the Dungeon)
Comestibles
 d - 15 rations


   Skills:
 - Level 6.0 Fighting
 - Level 6.0 Short Blades
 + Level 10.2 Dodging
 - Level 10.8 Stealth
 - Level 8.0 Spellcasting
 + Level 9.5 Hexes
 - Level 5.0 Evocations


You had 18 spell levels left.
You knew the following spells:

 Your Spells              Type           Power        Failure   Level  Hunger
a - Corona                Hex            ######.      1%          1    None
b - Ensorcelled Hibernat  Hex/Ice        #####.       1%          2    None
c - Confuse               Hex            ######..     1%          3    None
d - Conjure Flame         Conj/Fire      #.......     9%          3    None

Your spell library contained the following spells:

 Spells                   Type           Power        Failure   Level  Hunger
 Dazzling Spray           Conj/Hex       ####..       1%          3    None
 Tukima's Dance           Hex            ######..     1%          3    None
 Sting                    Conj/Pois      #...         3%          1    None
 Poisonous Vapours        Pois/Air       #.....       4%          2    None
 Mephitic Cloud           Conj/Pois/Air  #.......     9%          3    None
 Olgreb's Toxic Radiance  Pois           #.......     28%         4    ###....
 Venom Bolt               Conj/Pois      #.........   58%         5    #####..
 Freezing Cloud           Conj/Ice/Air   ##........   98%         6    ######.
 Ring of Flames           Chrm/Fire      #.........   100%        7    #######


Dungeon Overview and Level Annotations

Branches:
Dungeon (10/15)            Temple (0/1) D:7            Lair (3/6) D:8
  Swamp (0/4) Lair:2        Sewer (visited)
  Snake: Lair:2-4    Spider: Lair:2-4       Orc: D:9-12

Altars:
Elyvilon
Gozag
Nemelex Xobeh
Trog
Uskayaw
Xom
Yredelemnul

Shops:
D:10 ?

Annotations:
D:2 Sigmund
D:3 3 runed translucent doors, Conn's ghost, amateur OpFE; Dycilia's ghost, amateur DrFE
D:4 Duvessa; Grinder
D:7 2 runed translucent doors, Arang's ghost, novice OpFi
D:9 1 runed translucent door, Gargoyl's ghost, novice CeAK
Lair:2 Gastronok
Lair:3 3 runed translucent doors, Urug; lis82's ghost, journeyman DgAE


Innate Abilities, Weirdness & Mutations

You cannot wear most types of armour.
You are very stealthy in the water. (Stealth+)
You are amphibious.
You can wear up to eight rings at the same time.
You can use your tentacles to constrict eight enemies at once.
Your skin changes colour to match your surroundings (Stealth+).
Your rubbery body absorbs attacks. (AC +1, EV +1)


Message History

Confirm with . or Enter, or press ? or * to list all spells.
Aiming: Confuse (safe; 1% risk of failure)
Press: ? - help, Shift-Dir - straight line, f - Urug
Aim: Urug, wielding a +5 demon trident and wearing a +1 scale mail of cold resistance (chance to defeat MR: 55%) Urug appears confused.
The minotaur bellows!
The minotaur is no longer distracted by gold.
You now have 1473 gold pieces (gained 5).
The bullfrog becomes distracted by the nearby gold, dreaming of imaginary riches.
Lis82's ghost becomes distracted by the nearby gold, dreaming of imaginary riches.
Urug hits something with a +5 demon trident!
Lis82's ghost is no longer distracted by gold.
The minotaur becomes distracted by the nearby gold, dreaming of imaginary riches.
You see here 8 gold pieces.
You now have 1481 gold pieces (gained 8).
The minotaur is no longer distracted by gold.
The bullfrog is no longer distracted by gold.
Found a scroll labeled COCIETOKUI.
Urug says, "Why is everything spinning?"
Urug laughs crazily.
A hippogriff comes into view.
Found a scroll of immolation.
The hippogriff screeches!
You hit Urug but do no damage. You grab Urug.
You constrict Urug, but do no damage.
Urug struggles to escape constriction.
You barely miss Urug. You constrict Urug, but do no damage.
Urug hits you with a +5 demon trident!
You hit Urug but do no damage. You constrict Urug.
You hit Urug but do no damage.
Urug is lightly wounded.
You constrict Urug, but do no damage. Urug hits you with a +5 demon trident!!
* * * LOW HITPOINT WARNING * * *
Okay, then.
You release your grip on Urug.
Urug shouts, "What's happening?!"
Unknown command.
Unknown command.
Urug hits the hippogriff with a +5 demon trident.
Urug seems less confused.
Urug throws a silver javelin.
The silver javelin pierces through you!!
* * * LOW HITPOINT WARNING * * *
* * * LOW HITPOINT WARNING * * *
Urug throws a silver javelin.
The silver javelin barely misses you.
Unknown command.
Unknown command.
Unknown command.
Unknown command.
Urug throws a silver javelin.
The silver javelin pierces through you!
You die...
Your body crumbles into a pile of gold.

#..........P# ##...#
##...<.......## #P...#
#.............## #...##
#..............# ##....#
#......<......#####.#...#
...............###.#.....#
#.......................##
..........[.......).....#
................@......##
...............##..###.#
#.........((..##### ..#
...........>H..# .##
.#########o..### .#
#.#....H#.### .##.#t#.#
?...#F+.## #..W+..# # .


You could see a minotaur, Urug and a crocodile.

Vanquished Creatures
  Fannar (Lair:3)
  A hydra (Lair:1)
  A death yak (Lair:3)
  Nergalle (D:10)
  Sonja (D:10)
  Pikel (D:8)
  A black mamba (Lair:1)
  Joseph (D:7)
  A komodo dragon (Lair:1)
  A troll (D:10)
  2 tyrant leeches (Lair:2)
  4 hippogriffs
  A queen bee (D:8)
  17 yaks (Lair:1)
  2 basilisks
  A hungry ghost (D:7)
  A swamp worm (Lair:2)
  9 water moccasins
  5 porcupines
  3 black bears
  6 orc warriors
  4 sky beasts
  3 slaves (D:8)
  2 necrophages
  4 ogres
  2 phantoms
  A centaur (D:6)
  2 crocodiles (Lair:1)
  A big kobold (D:7)
  13 bullfrogs
  A scorpion (D:9)
  15 killer bees
  5 wights (D:7)
  4 howler monkeys
  2 bullfrog zombies (D:6)
  2 jellies
  A quasit (D:8)
  4 crimson imps
  An orc priest (D:7)
  11 orc wizards
  A centaur skeleton (D:9)
  Crazy Yiuf (D:6)
  8 hounds
  2 iguanas
  Natasha (thrice) (D:4)
  6 worker ants
  2 hound zombies
  2 hound skeletons (D:10)
  A worker ant zombie (D:8)
  A howler monkey zombie (D:8)
  Robin (D:4)
  5 gnolls
  13 adders
  A shadow imp (D:7)
  2 oozes
  An adder zombie (D:9)
  4 worms
  3 leopard geckos
  40 orcs
  5 bats
  15 giant cockroaches
  9 goblins
  10 hobgoblins
  10 jackals
  14 kobolds
  3 quokkas
  A ball python (Sewer)
  8 frilled lizards
  7 rats
  A plant (Lair:1)
319 creatures vanquished.

Vanquished Creatures (others)
  2 fungi (Lair:1)
  5 plants
7 creatures vanquished.

Grand Total: 326 creatures vanquished

Notes
Turn   | Place    | Note
-------+----------+-------------------------------------------
     0 | D:1      | Flugkiller the Octopode Enchanter began the quest for the
                  | Orb.
     0 | D:1      | Reached XP level 1. HP: 11/11 MP: 3/3
   177 | D:1      | Reached skill level 1 in Fighting
   257 | D:1      | Reached XP level 2. HP: 18/18 MP: 5/5
   267 | D:1      | Learned a level 2 spell: Ensorcelled Hibernation
   871 | D:2      | Reached XP level 3. HP: 8/23 MP: 1/6
  1836 | D:2      | Learned a level 3 spell: Confuse
  1887 | D:2      | Reached XP level 4. HP: 28/28 MP: 0/7
  2440 | D:2      | Noticed Sigmund
  2620 | D:3      | Found a shimmering altar of Xom.
  2620 | D:3      | Found a sparkling altar of Nemelex Xobeh.
  2677 | D:3      | Found a runed translucent gate.
  2677 | D:3      | Found a runed translucent gate.
  2677 | D:3      | Found a runed translucent gate.
  2678 | D:3      | Noticed Dycilia's ghost (amateur DrFE)
  2679 | D:3      | Noticed Conn's ghost (amateur OpFE)
  2760 | D:3      | Reached skill level 5 in Hexes
  2760 | D:3      | Reached XP level 5. HP: 33/33 MP: 8/8
  3208 | D:3      | Found a faded altar of an unknown god.
  3438 | D:4      | Reached skill level 5 in Stealth
  3566 | D:4      | Noticed Robin
  4202 | D:4      | Reached XP level 6. HP: 29/41 MP: 9/9
  4335 | D:4      | Killed Robin
  4531 | D:4      | Noticed Natasha
  4536 | D:4      | Killed Natasha
  4554 | D:4      | Noticed Natasha
  4559 | D:4      | Killed Natasha
  4560 | D:4      | Noticed Duvessa
  4755 | D:4      | Noticed Natasha
  4769 | D:4      | Killed Natasha
  4926 | D:4      | Noticed a phantom
  4935 | D:4      | Killed a phantom
  4935 | D:4      | Reached XP level 7. HP: 45/45 MP: 9/11
  5136 | D:4      | Noticed Grinder
  5162 | D:5      | Entered Level 5 of the Dungeon
  5241 | D:5      | Found a basalt altar of Yredelemnul.
  6042 | D:5      | Found a hide-covered altar of Uskayaw.
  6232 | D:5      | Found a white marble altar of Elyvilon.
  6498 | D:6      | Found a glowing drain.
  6516 | Sewer    | Entered a sewer
  6534 | Sewer    | Reached XP level 8. HP: 38/51 MP: 12/12
  7141 | D:6      | Reached skill level 5 in Dodging
  7141 | D:6      | Reached skill level 1 in Evocations
  7526 | D:6      | Reached skill level 5 in Evocations
  7691 | D:6      | Found a bloodstained altar of Trog.
  7958 | D:6      | Found a runed translucent door.
  7959 | D:6      | Noticed Crazy Yiuf
  8002 | D:6      | Reached XP level 9. HP: 57/57 MP: 7/13
  8265 | D:6      | Killed Crazy Yiuf
  9390 | D:7      | Noticed Joseph
  9703 | D:7      | Found a large runed translucent door.
  9705 | D:7      | Found a large runed translucent door.
  9707 | D:7      | Noticed Arang's ghost (novice OpFi)
  9765 | D:7      | Found the +6 shillelagh "Devastator" {shatter}
  9766 | D:7      | Found an opulent altar of Gozag.
  9783 | D:7      | Reached skill level 5 in Short Blades
  9812 | D:7      | Became a worshipper of Gozag Ym Sagoz the Greedy
  9823 | D:7      | Found a staircase to the Ecumenical Temple.
 10644 | D:7      | Killed Joseph
 10644 | D:7      | Reached skill level 5 in Spellcasting
 10644 | D:7      | Reached XP level 10. HP: 63/63 MP: 13/17
 10867 | D:8      | Found a staircase to the Lair.
 10948 | D:8      | HP: 1/63 [killer bee (8)]
 13769 | D:8      | Found a staircase to the Lair.
 13981 | D:8      | Noticed Pikel
 13985 | D:8      | Killed Pikel
 14067 | D:9      | Found a runed translucent door.
 14068 | D:9      | Noticed Gargoyl's ghost (novice CeAK)
 14068 | D:9      | Identified the +3 spear of the Immovable Wars {pierce,
                  | Int+6 Stlth-}
 15105 | D:10     | Entered Level 10 of the Dungeon
 15105 | D:10     | Noticed Sonja
 15109 | D:10     | Killed Sonja
 15109 | D:10     | Reached skill level 10 in Stealth
 15109 | D:10     | Reached XP level 11. HP: 66/66 MP: 18/23
 15257 | D:10     | Noticed Nergalle
 15268 | D:10     | Killed Nergalle
 15865 | D:10     | Found Voiranlo's Magic Scroll Shop.
 15876 | D:10     | Bought a scroll of fear for 49 gold pieces
 15876 | D:10     | Bought a scroll of teleportation for 42 gold pieces
 15876 | D:10     | Bought a scroll of vulnerability for 105 gold pieces
 15876 | D:10     | Bought a scroll of vulnerability for 105 gold pieces
 16042 | Lair:1   | Entered Level 1 of the Lair of Beasts
 16044 | Lair:1   | Reached skill level 5 in Fighting
 16769 | Lair:1   | Noticed an eight-headed hydra
 16863 | Lair:1   | Killed an eight-headed hydra
 17508 | Lair:1   | Reached XP level 12. HP: 64/79 MP: 15/24
 18336 | Lair:2   | Found a staircase to the Swamp.
 18575 | Lair:2   | Learned a level 3 spell: Conjure Flame
 18693 | Lair:2   | Noticed Gastronok
 18779 | Lair:3   | Found a runed translucent gate.
 18863 | Lair:3   | Noticed a death yak
 18886 | Lair:3   | Noticed a death yak
 18906 | Lair:3   | Noticed a death yak
 18965 | Lair:3   | Noticed Fannar
 18987 | Lair:3   | Killed Fannar
 18987 | Lair:3   | Reached skill level 10 in Dodging
 19292 | Lair:3   | Killed a death yak
 19468 | Lair:3   | Found a runed translucent gate.
 19469 | Lair:3   | Found a runed translucent gate.
 19469 | Lair:3   | Noticed Urug
 19489 | Lair:3   | Noticed a minotaur
 19492 | Lair:3   | Noticed lis82's ghost (journeyman DgAE)
 19531 | Lair:3   | HP: 3/79 [Urug/silver javelin (8)]
 19538 | Lair:3   | Hit by a silver javelin thrown by Urug

Levels and vault maps discovered:
D:1:      matt_arrival_spirals, layout_basic, minivault_23
D:2:      layout_basic, serial_bayou_pond_b, minmay_parallelograms,
          dk_vineyard_1, minmay_tiny_reverse_x, uniq_sigmund
D:3:      layout_rooms, gammafunk_temple_overflow_elements,
          chequers_ecumenical_altar_lobes, gammafunk_ghost_cemetery,
          minmay_starry_boxes
D:4:      layout_loops_ring, first_ration, cheibrodos_gnoll_hut, uniq_grinder,
          uniq_duvessa, uniq_natasha, uniq_robin
D:5:      layout_rooms, kennysheep_ying_yang, kennysheep_mini
D:6:      layout_basic, lightli_temple_of_fire, portal_sewer_entry_f,
          minmay_misc_feat_ornament, grunt_ministairs_15, minmay_circle_x,
          uniq_crazy_yiuf_cottage
D:7:      layout_basic, old_standard_altar, minmay_temple_entry_offerings,
          ebering_ghost_disaster_area, grunt_ministairs_15, uniq_joseph
D:8:      layout_basic, lair_entry_dummy, david_nohive_1, uniq_pikel
D:9:      layout_cross, ebering_ghost_funeral_grove, kennysheep_generic_room_11
D:10:     layout_roguey, serial_shops, shop, uniq_sonja, uniq_nergalle
Lair:1:   layout_layer_cave, grunt_megastairs_2, lemuel_fruit_tree
Lair:2:   layout_loops_ring, minmay_swamp_entry_worms,
          chequers_serial_rivers_micro_c, wad_woods_06, uniq_gastronok
Lair:3:   layout_cave_pods, maelrawn_ghost_gauntlet_escape, uniq_snorg,
          uniq_urug, uniq_fannar

Skill      XL: |  1  2  3  4  5  6  7  8  9 10 11 12 |
---------------+-------------------------------------+-----
Fighting       | 1 2 3 6 |  6.0
Hexes          | 4 5 6 8 9 |  9.5
Short Blades   | 2 3 4 5 6 |  6.0
Stealth        | 5 7 10 | 10.8
Spellcasting   | 3 5 8 |  8.0
Dodging        | 3 5 9 10 | 10.2
Evocations     | 5 |  5.0

Action                   |  1- 3 |  4- 6 |  7- 9 | 10-12 || total
-------------------------+-------+-------+-------+-------++-------
Melee: Dagger            |    84 |   125 |   272 |   414 ||   895
       Constrict         |    16 |    21 |    56 |    61 ||   154
       Tentacles         |    13 |    29 |    50 |    66 ||   158
       Unarmed           |       |       |    15 |    18 ||    33
Throw: Stone             |     3 |       |       |       ||     3
 Cast: Ensorcelled Hiber |     6 |    10 |    45 |   119 ||   180
       Corona            |     1 |     4 |    14 |    15 ||    34
       Confuse           |       |       |    26 |    25 ||    51
       Conjure Flame     |       |       |       |     2 ||     2
Invok: Potion Petition   |       |       |       |     1 ||     1
Evoke: Wand              |       |       |       |    11 ||    11
       Lightning rod     |       |       |       |     1 ||     1
  Use: Scroll            |     3 |     4 |     9 |    11 ||    27
       Potion            |       |       |     4 |     5 ||     9
 Stab: Sleeping          |    16 |    16 |    29 |    78 ||   139
       Confused          |       |       |     7 |     7 ||    14
       Distracted        |       |       |       |     2 ||     2
  Eat: Chunk             |     3 |     4 |    12 |       ||    19
       Ration            |       |     2 |     3 |     9 ||    14
Armor: Skin              |     5 |     3 |    30 |    81 ||   119
Dodge: Dodged            |    32 |    47 |   155 |   258 ||   492

Table legend:
 A = Non-vault XP
 B = Vault XP
 C = Vault XP percentage of total XP
 D = Non-vault monster count
 E = Vault monster count
 F = Vault count percentage of total count
                 A         B        C        D         E       F
            +---------+---------+-------+---------+---------+-------
      Total |   15583 |    7283 |  31.9 |     229 |      86 |  27.3
            +---------+---------+-------+---------+---------+-------
        D:1 |      19 |       0 |   0.0 |      11 |       0 |   0.0
        D:2 |      66 |      41 |  38.3 |      23 |       5 |  17.9
        D:3 |      31 |      35 |  53.0 |      10 |       5 |  33.3
        D:4 |     318 |     165 |  34.2 |      11 |      16 |  59.3
        D:5 |     507 |       0 |   0.0 |      12 |       0 |   0.0
        D:6 |     552 |     691 |  55.6 |      13 |      13 |  50.0
        D:7 |    1631 |     996 |  37.9 |      38 |       7 |  15.6
        D:8 |    1176 |    1554 |  56.9 |      27 |      13 |  32.5
        D:9 |     713 |       0 |   0.0 |      16 |       0 |   0.0
       D:10 |     976 |    1634 |  62.6 |      24 |       2 |   7.7
     Lair:1 |    7479 |     147 |   1.9 |      36 |       1 |   2.7
     Lair:2 |     449 |     730 |  61.9 |       3 |       3 |  50.0
     Lair:3 |    1666 |    1028 |  38.2 |       5 |       1 |  16.7
      Sewer |       0 |     262 | 100.0 |       0 |      20 | 100.0
            +---------+---------+-------+---------+---------+-------
